Map: Sludge City

Players

Tenonee

  • Race: Zerg Zerg
  • Spawn Location: 11:00

vexx

  • Race: Protoss Protoss
  • Spawn Location: 9:00

DrAgOOn - Winner!

  • Race: Terran Terran
  • Spawn Location: 5:00

NoobFlot - Winner!

  • Race: Protoss Protoss
  • Spawn Location: 5:00

VOD

Have the link to the VOD?

Description

Time

  • Played on: July 18, 2016, 5:05 p.m.
  • Length: 11:59
Show
View Real Time Build Order
Export as new Build Order

Tenonee Zerg 

Build Orders: Hatch First 

Get SALT Encoding   

  12  0:03  Drone  
  13  0:11  Drone  
  14  0:42  Hatchery  
  13  0:45  Extractor  
  13  0:47  Drone  
  13  0:48  Drone  
  14  1:02  Spawning Pool  
  13  1:11  Overlord  
  13  1:19  Drone  
  14  1:31  Drone x2  
  16  1:39  Drone  
  17  1:50  Metabolic Boost  
  17  2:01  Queen  
  17  2:07  Queen  
  21  2:13  Drone x2  
  23  2:22  Drone  
  24  2:25  Drone x3  
  27  2:30  Drone  
  28  2:37  Overlord  
  28  2:53  Overlord  
  28  2:55  Queen  
  28  2:57  Zergling x6  
  33  3:08  Overlord  
  33  3:19  Drone  
  34  3:20  Drone x5  
  34  3:21  Drone x2  
  41  3:30  Drone x2  
  43  3:39  Hatchery  
  42  3:43  Drone  
  42  3:44  Drone  
  42  3:45  Lair  
  43  4:01  Extractor  
  42  4:04  Extractor x2  
  40  4:18  Drone  
  40  4:19  Drone x3  
  40  4:20  Drone x2  
  40  4:21  Drone  
  47  4:30  Drone x3  
  50  4:35  Extractor  
  49  4:39  Evolution Chamber, Extractor  
  49  4:41  Evolution Chamber  
  49  4:44  Roach Warren  
  45  4:48  Drone  
  45  4:50  Drone  
  47  4:54  Pneumatized Carapace  
  47  4:57  Drone  
  47  4:58  Drone x5  
  53  5:02  Drone x2  
  53  5:03  Drone x2  
  57  5:07  Overlord  
  57  5:08  Overlord  
  57  5:18  Zerg Ground Armor Level 1  
  57  5:19  Spire  
  57  5:20  Zerg Melee Weapons Level 1  
  56  5:23  Drone  
  56  5:27  Zergling x2  
  56  5:28  Zergling x10  
  63  5:57  Overlord x2  
  63  5:58  Drone  
  63  6:01  Zergling x8  
  63  6:02  Zergling x12  
  73  6:06  Overlord x2  
  70  6:38  Mutalisk  
  70  6:39  Mutalisk x11  
  89  6:43  Zergling x6  
  89  6:44  Zergling x6  
  97  6:51  Drone  
  97  6:52  Drone  
  99  6:59  Zergling x2  
  99  7:00  Zergling x8  
  103  7:06  Overseer, Infestation Pit  
  103  7:08  Overlord x2  
  102  7:11  Mutalisk  
  104  7:20  Overlord  
  104  7:21  Overlord x3  
  84  7:42  Mutalisk x7  
  87  7:54  Zergling x2  
  87  7:55  Zergling x14  
  88  8:04  Mutalisk  
  88  8:05  Mutalisk x2  
  73  8:19  Mutalisk x2  
  60  8:27  Zergling x2  
  60  8:28  Zergling x2  
  56  8:41  Zergling x2  
  56  8:42  Zergling x2  
  58  8:54  Roach x5  
  64  9:06  Roach  
  64  9:07  Roach x3  
  64  9:09  Glial Reconstitution  
  72  9:12  Zerg Missile Weapons Level 1  
  72  9:21  Hydralisk Den  
  69  9:35  Zergling x2  
  69  9:36  Zergling x16  
  78  9:46  Hive  
  78  9:52  Hatchery  
  77  10:00  Extractor, Hatchery  
  77  10:03  Zergling x2  
  77  10:04  Extractor, Zergling x18  
  84  10:38  Zergling x8  
  84  10:39  Zergling x10  
  66  11:22  Hydralisk x4  
  66  11:23  Hydralisk x8  
  66  11:49  Ravager  
Show
View Real Time Build Order
Export as new Build Order

vexx Protoss 

Build Orders: Oracle Opening, Phoenix Opening 

Get SALT Encoding   

  12  0:01  Probe (Chrono Boost)  
  13  0:11  Probe (Chrono Boost)  
  14  0:19  Pylon  
  14  0:22  Probe (Chrono Boost)  
  15  0:37  Probe (Chrono Boost)  
  15  0:38  Gateway  
  16  0:43  Assimilator  
  16  0:47  Probe (Chrono Boost)  
  17  0:54  Assimilator  
  17  0:58  Probe (Chrono Boost)  
  18  1:09  Probe (Chrono Boost)  
  19  1:19  Probe (Chrono Boost)  
  19  1:20  Pylon  
  20  1:27  Cybernetics Core  
  20  1:30  Probe (Chrono Boost)  
  21  1:40  Probe (Chrono Boost)  
  22  1:53  Pylon  
  22  2:04  Mothership Core (Chrono Boost)  
  22  2:05  Stargate  
  24  2:08  Adept  
  26  2:21  Pylon  
  27  2:24  Probe (Chrono Boost)  
  27  2:36  Probe (Chrono Boost), Forge  
  28  2:44  Oracle  
  28  2:48  Probe (Chrono Boost)  
  32  3:07  Nexus  
  32  3:15  Probe (Chrono Boost)  
  32  3:16  Phoenix  
  35  3:28  Pylon  
  35  3:38  Phoenix  
  35  3:41  Probe (Chrono Boost)  
  38  3:53  Probe (Chrono Boost)  
  39  4:00  Phoenix  
  41  4:10  Stargate  
  41  4:11  Assimilator  
  41  4:15  Assimilator  
  41  4:16  Photon Cannon  
  41  4:29  Warp Gate  
  41  4:30  Probe (Chrono Boost)  
  42  4:34  Photon Cannon  
  42  4:36  Probe (Chrono Boost)  
  43  4:43  Probe (Chrono Boost)  
  44  4:46  Probe (Chrono Boost)  
  45  4:53  Phoenix  
  45  4:55  Probe (Chrono Boost)  
  45  4:57  Probe (Chrono Boost)  
  49  5:05  Phoenix  
  51  5:16  Phoenix  
  51  5:17  Probe (Chrono Boost)  
  54  5:30  Probe (Chrono Boost), Phoenix  
  57  5:36  Pylon  
  57  5:37  Phoenix  
  60  5:44  Probe (Chrono Boost)  
  60  5:47  Probe (Chrono Boost)  
  61  5:55  Phoenix  
  61  5:56  Probe (Chrono Boost)  
  52  6:04  Phoenix  
  66  6:11  Pylon  
  66  6:19  Photon Cannon  
  66  6:20  Phoenix  
  66  6:26  Phoenix  
  68  6:45  Phoenix  
  68  6:47  Phoenix  
  68  6:52  Pylon  
  70  6:55  Pylon  
  70  7:09  Pylon x2  
  70  7:10  Probe (Chrono Boost)  
  70  7:11  Probe (Chrono Boost)  
  70  7:12  Pylon  
  70  7:13  Phoenix  
  74  7:18  Pylon  
  74  7:20  Probe (Chrono Boost)  
  74  7:21  Phoenix  
  74  7:22  Pylon  
  75  7:38  Phoenix  
  75  7:43  Phoenix  
  79  8:03  Phoenix  
  79  8:05  Phoenix  
  79  8:27  Phoenix  
  70  8:28  Phoenix  
  72  8:44  Probe (Chrono Boost)  
  72  8:46  Nexus  
  73  8:48  Phoenix  
  73  8:53  Phoenix  
  75  9:09  Stargate  
  75  9:10  Phoenix  
  75  9:11  Stargate  
  77  9:18  Phoenix  
  79  9:32  Phoenix  
  77  9:43  Pylon, Phoenix  
  79  9:45  Photon Cannon  
  79  9:51  Fleet Beacon  
  79  9:53  Phoenix  
  79  9:56  Photon Cannon  
  79  9:58  Photon Cannon, Pylon, Phoenix  
  79  9:59  Photon Cannon  
  83  10:03  Probe (Chrono Boost)  
  84  10:08  Phoenix  
  86  10:15  Phoenix  
  86  10:20  Probe (Chrono Boost), Twilight Council  
  87  10:30  Probe (Chrono Boost)  
  87  10:33  Phoenix  
  90  10:35  Tempest  
  90  10:36  Anion Pulse-Crystals  
  90  10:40  Phoenix  
  90  10:41  Probe (Chrono Boost)  
  97  10:45  Photon Cannon  
  97  10:48  Assimilator  
  97  10:49  Pylon  
  97  10:50  Photon Cannon  
  97  10:52  Assimilator  
  97  10:59  Tempest  
Show
View Real Time Build Order
Export as new Build Order

DrAgOOn Terran - Winner!

Build Orders:  

Get SALT Encoding   

  12  0:22  SCV  
  13  0:33  Supply Depot  
  13  0:35  SCV  
  14  0:48  SCV  
  15  0:56  Barracks  
  15  1:01  Refinery  
  15  1:02  Refinery  
  15  1:03  SCV  
  16  1:15  SCV  
  17  1:25  Supply Depot  
  17  1:27  SCV  
  18  1:39  SCV  
  19  1:43  Marine  
  19  1:45  Factory  
  20  1:50  Supply Depot  
  20  1:51  SCV  
  21  2:01  Marine  
  22  2:03  SCV  
  23  2:12  Supply Depot  
  23  2:15  SCV  
  23  2:18  Marine  
  25  2:28  Orbital Command  
  25  2:29  Factory Tech Lab  
  25  2:36  Marine  
  26  2:38  Engineering Bay  
  26  2:47  Siege Tank  
  29  2:54  Marine  
  30  3:07  Command Center  
  30  3:12  Marine  
  31  3:19  Siege Tank  
  34  3:24  Missile Turret  
  34  3:29  Missile Turret  
  34  3:31  Hi-Sec Auto Tracking  
  34  3:34  Barracks Reactor  
  35  3:41  SCV  
  34  3:52  Siege Tank  
  34  3:53  SCV  
  34  4:05  SCV  
  35  4:17  SCV  
  36  4:26  Siege Tank  
  36  4:29  SCV  
  40  4:35  Missile Turret  
  40  4:41  SCV  
  40  4:42  SCV  
  42  4:46  Refinery  
  42  4:47  Refinery  
  42  4:54  SCV x2  
  42  4:57  Starport  
  44  5:02  Marine x2  
  44  5:06  SCV x2  
  48  5:17  Missile Turret  
  48  5:18  SCV x2  
  48  5:20  Marine  
  51  5:30  SCV  
  51  5:31  SCV  
  51  5:34  Starport Reactor  
  53  5:35  Supply Depot  
  53  5:42  Siege Tank, SCV  
  57  5:43  SCV  
  58  5:54  SCV  
  58  5:55  SCV  
  60  6:01  Missile Turret  
  60  6:06  SCV  
  60  6:08  Orbital Command  
  61  6:11  Viking x2  
  61  6:14  Supply Depot  
  65  6:41  Viking x2  
  65  6:42  Command Center  
  65  6:45  Siege Tank  
  72  6:59  Supply Depot  
  72  7:02  SCV  
  73  7:11  Viking x2  
  73  7:15  SCV  
  78  7:20  Siege Tank  
  78  7:22  Armory  
  76  7:41  Viking x2  
  72  7:52  Siege Tank  
  66  8:06  Marine x2  
  66  8:08  SCV  
  66  8:10  Refinery  
  66  8:11  Viking x2  
  66  8:12  Terran Ship Weapons Level 1  
  72  8:20  SCV  
  72  8:24  Marine x2, Siege Tank  
  76  8:32  Starport, SCV  
  72  8:41  Viking x2  
  67  8:44  SCV  
  68  8:48  Marine  
  68  8:49  Marine  
  63  8:56  Siege Tank, SCV  
  63  8:58  Factory  
  67  9:08  Starport Reactor, SCV  
  65  9:11  Viking  
  65  9:13  Factory  
  65  9:15  Viking  
  69  9:19  Marine x2  
  69  9:21  SCV  
  72  9:30  Refinery  
  72  9:31  Siege Tank  
  72  9:37  Marine  
  76  9:46  Factory Tech Lab  
  76  9:47  Viking  
  76  9:48  Viking x2  
  82  9:53  Orbital Command  
  82  9:58  Factory Tech Lab  
  82  10:02  Viking  
  82  10:05  Supply Depot  
  84  10:10  Siege Tank x2  
  90  10:17  Viking, Siege Tank  
  90  10:18  Viking x2  
  99  10:21  SCV  
  100  10:29  Supply Depot x3  
  100  10:33  Supply Depot, SCV  
  101  10:39  Viking  
  103  10:45  SCV  
  103  10:47  Viking  
  106  10:52  Viking x2  
  110  10:57  SCV  
  111  11:10  SCV  
  108  11:16  Siege Tank  
  108  11:17  Viking, Siege Tank x2  
  119  11:22  SCV  
Show
View Real Time Build Order
Export as new Build Order

NoobFlot Protoss - Winner!

Build Orders: 1 Gate Expand, Blink Stalkers 

Get SALT Encoding   

  12  0:05  Probe (Chrono Boost)  
  13  0:21  Probe (Chrono Boost)  
  14  0:23  Pylon  
  14  0:31  Probe (Chrono Boost)  
  15  0:44  Probe (Chrono Boost)  
  15  0:46  Gateway  
  15  0:47  Assimilator  
  16  0:54  Probe (Chrono Boost)  
  17  1:05  Probe (Chrono Boost)  
  18  1:15  Probe (Chrono Boost)  
  19  1:31  Nexus  
  20  1:38  Cybernetics Core  
  20  1:39  Probe (Chrono Boost)  
  20  1:47  Assimilator  
  20  1:49  Probe (Chrono Boost)  
  21  1:59  Pylon  
  21  2:03  Probe (Chrono Boost)  
  22  2:15  Probe (Chrono Boost)  
  23  2:16  Warp Gate  
  23  2:17  Stalker  
  25  2:27  Probe (Chrono Boost)  
  26  2:39  Twilight Council  
  26  2:40  Pylon  
  26  2:43  Probe (Chrono Boost)  
  26  2:46  Probe (Chrono Boost)  
  26  2:49  Stalker  
  27  2:55  Probe (Chrono Boost)  
  30  3:04  Blink  
  32  3:19  Probe (Chrono Boost)  
  31  3:20  Probe (Chrono Boost)  
  31  3:22  Assimilator  
  32  3:33  Robotics Facility  
  32  3:34  Probe (Chrono Boost)  
  34  3:35  Probe (Chrono Boost)  
  34  3:36  Stalker  
  36  3:44  Probe (Chrono Boost)  
  36  3:47  Probe (Chrono Boost)  
  38  3:52  Pylon  
  39  4:03  Probe (Chrono Boost)  
  39  4:04  Probe (Chrono Boost)  
  40  4:17  Gateway  
  40  4:20  Gateway x2  
  40  4:21  Gateway  
  40  4:24  Observer, Gateway  
  40  4:25  Gateway  
  40  4:26  Mothership Core (Chrono Boost)  
  43  4:37  Stalker, Pylon  
  45  4:43  Warp Prism  
  47  5:17  Warp Prism  
  49  5:37  Stalker  
  49  5:38  Stalker x6  
  49  5:42  Probe (Chrono Boost)  
  64  5:45  Forge  
  64  5:56  Pylon  
  63  5:59  Pylon  
  61  6:05  Stalker  
  61  6:06  Stalker x3  
  69  6:12  Pylon  
  69  6:31  Zealot x4  
  69  6:32  Zealot x3  
  81  6:33  Charge  
  81  6:47  Probe (Chrono Boost), Protoss Ground Armor Level 1  
  82  6:49  Dark Shrine  
  82  6:52  Warp Prism  
  82  7:03  Sentry x3  
  82  7:04  Zealot x2  
  92  7:17  Stalker  
  94  7:25  Pylon  
  94  7:30  Pylon  
  94  7:31  Pylon  
  78  8:00  Stalker x4  
  78  8:01  Stalker x3  
  77  8:17  Probe (Chrono Boost)  
  68  8:31  Dark Templar x2  
  68  8:32  Stalker x2  
  68  8:33  Zealot  
  78  8:35  Archon  
  78  8:39  Nexus  
  78  8:43  Stalker  
  78  8:44  Stalker  
  82  9:00  Probe x2 (Chrono Boost)  
  82  9:02  Stalker x2  
  86  9:03  Stalker  
  86  9:09  Stalker  
  92  9:12  Probe (Chrono Boost)  
  92  9:13  Probe (Chrono Boost)  
  92  9:15  Photon Cannon  
  94  9:26  Probe (Chrono Boost)  
  94  9:30  Assimilator  
  95  9:31  Photon Cannon  
  95  9:39  Dark Templar x2  
  95  9:43  Stalker  
  101  9:47  Archon  
  101  9:49  Stalker  
  105  9:53  Probe x2 (Chrono Boost)  
  105  10:11  Photon Cannon  
  105  10:13  Dark Templar x2, Pylon  
  109  10:15  Zealot  
  109  10:17  Archon  
  111  10:21  Stalker  
  111  10:24  Stalker  
  115  10:43  Stalker x3  
  115  10:45  Stalker  
  115  10:47  Stalker  
  125  10:52  Adept x2  
  127  11:12  Stalker x4  
  131  11:22  Stalker  
  131  11:23  Stalker  
  121  11:57  Stalker x3  
  121  11:58  Stalker x4  
Tags
 
Add a new tag
Caveats
  • Supply blocks, unpowered buildings, or Contaminate may cause inaccurate times.
  • Supply counts are checked every 10 seconds.